AoeStats
← SW_Paul

Fortress

510069049Analyzed
4v4 RM · 1d ago on Sep 29, 2026· 43m 51s· 8 players
Game mode
Random Map
Map size
Huge
Population
200
Speed
Normal
Resources
Standard
Victory
Conquest
Starting age
Dark Age
Ending age
Imperial Age
RankedLock teamsTeams togetherTeam positionsShared explorationLock speedFull tech treeHidden civsTurbo modeCheats
Victory
Defeat
🇨🇳 Varangians · China
1228
+12
🇨🇳 Italians · China
1198
+13
🇻🇳 Italians · Vietnam
1188
+13
🇦🇷 Italians · Argentina
1171
+14
🇨🇴 Magyars · Colombia
1165
-15
🇬🇧 Danes · United Kingdom
1136
-13
🇹🇷 Japanese · Türkiye
1117
-12
🇷🇺 Bohemians · Russia
1110
-12
La Apple
6:50 Feudal Age
10:29 Castle Age
8:58 Double-Bit Axe
8:58 Horse Collar
12:05 Bow Saw
12:55 Heavy Plow
19:58 Imperial Age
18:51 Wheelbarrow
18:57 Wheelbarrow
18:20 Fletching
18:48 Gold Mining
19:36 Bodkin Arrow
21:13 Hand Cart
24:48 Chemistry
24:18 Bracer
24:19 Padded Archer Armor
25:00 Ballistics
26:13 Leather Archer Armor
27:11 Two-Man Saw
28:20 Elite Genoese Crossbowman
30:12 Thumb Ring
31:24 Conscription
31:20 Pirotechnia
36:03 Loom
36:03 Town Watch
36:32 Caravan
37:10 Stone Mining
37:04 Crossbowman
38:19 Ring Archer Armor
SW_Paul
8:08 Feudal Age
10:03 Double-Bit Axe
12:31 Castle Age
10:29 Horse Collar
11:29 Fletching
14:31 Gold Mining
17:03 Fervor
17:51 Stone Mining
18:24 Fervor
21:09 Stone Shaft Mining
20:25 Loom
21:46 Scale Barding Armor
22:19 Bloodlines
22:45 Bodkin Arrow
29:47 Wheelbarrow
30:41 Chain Barding Armor
36:14 Imperial Age
34:23 Hand Cart
34:38 Forging
36:22 Iron Casting
36:14 Treadmill Crane
36:45 Fortified Wall
36:56 Ballistics
36:42 Elite Jarl
37:46 Conscription
38:02 Plate Barding Armor
38:04 Masonry
38:23 Murder Holes
39:29 Chemistry
39:40 Blast Furnace
39:43 Bracer
39:57 Husbandry
40:10 Siege Engineers
40:38 Architecture
41:42 Scale Mail Armor
42:51 Squires
42:36 Arson
43:11 Chain Mail Armor
44:26 Plate Mail Armor
勇敢牛牛
7:11 Feudal Age
8:51 Loom
9:12 Double-Bit Axe
11:28 Castle Age
9:11 Horse Collar
15:10 Bow Saw
19:33 Fletching
26:12 Bodkin Arrow
27:45 Town Watch
32:19 Imperial Age
31:27 Thumb Ring
32:30 Elite Genoese Crossbowman
34:45 Wheelbarrow
34:34 Ballistics
35:03 Conscription
36:23 Bracer
36:24 Padded Archer Armor
37:14 Gold Mining
38:36 Two-Man Saw
38:44 Hand Cart
40:17 Chemistry
39:48 Leather Archer Armor
40:07 Stone Mining
40:24 Heavy Plow
40:07 Treadmill Crane
42:19 Ring Archer Armor
42:17 Scale Barding Armor
42:23 Forging
42:17 Light Cavalry
43:07 Bloodlines
42:57 Husbandry
44:33 Crop Rotation
43:45 Hussar
ICAC
7:10 Feudal Age
11:00 Castle Age
8:59 Double-Bit Axe
9:00 Horse Collar
12:23 Bow Saw
21:00 Heavy Plow
21:53 Fletching
22:28 Bodkin Arrow
23:32 Thumb Ring
23:38 Padded Archer Armor
28:12 Imperial Age
27:01 Gold Mining
27:05 Stone Mining
28:04 Wheelbarrow
28:18 Ballistics
27:39 Treadmill Crane
29:12 Hand Cart
28:44 Loom
30:06 Conscription
29:50 Bracer
30:06 Leather Archer Armor
30:59 Chemistry
31:06 Town Watch
31:46 Leather Archer Armor
32:37 Pirotechnia
31:52 Elite Genoese Crossbowman
33:36 Coinage
34:14 Ring Archer Armor
35:07 Stone Shaft Mining
35:42 Banking
Comrade Toad
2:37 Loom
6:35 Feudal Age
7:27 Double-Bit Axe
11:39 Castle Age
9:48 Horse Collar
11:04 Gold Mining
15:42 Arson
17:37 Squires
17:40 Scale Mail Armor
18:30 Forging
18:47 Heavy Plow
19:37 Chain Mail Armor
24:18 Iron Casting
30:06 Imperial Age
28:49 Gold Shaft Mining
28:25 Bow Saw
31:49 Plate Mail Armor
32:20 Blast Furnace
32:09 Conscription
33:32 Wheelbarrow
32:50 Capped Ram
37:23 Hamask
38:14 Siege Ram
41:06 Pikeman
41:39 Gambesons
41:41 Halberdier
Elfelo
7:22 Feudal Age
12:02 Castle Age
10:39 Double-Bit Axe
11:52 Horse Collar
13:08 Bow Saw
13:27 Corvinian Army
19:39 Loom
22:22 Heavy Plow
26:19 Imperial Age
24:32 Gold Mining
25:18 Wheelbarrow
24:29 Town Watch
24:55 Stone Mining
26:48 Husbandry
26:58 Bloodlines
26:56 Scale Barding Armor
28:26 Two-Man Saw
28:09 Crop Rotation
27:44 Town Patrol
28:40 Hand Cart
28:51 Conscription
28:10 Cavalier
29:59 Chain Barding Armor
30:49 Paladin
34:29 Gold Shaft Mining
35:03 Light Cavalry
36:24 Hussar
38:44 Plate Barding Armor
38:59 Ballistics
38:50 Masonry
38:22 Treadmill Crane
39:52 Elite Magyar Huszar
41:59 Elite Skirmisher
Subuday Noyan
6:25 Feudal Age
11:34 Castle Age
9:44 Double-Bit Axe
9:53 Horse Collar
10:24 Gold Mining
10:57 Arson
11:15 Scale Mail Armor
12:14 Forging
20:20 Chain Mail Armor
22:18 Iron Casting
26:53 Bow Saw
28:16 Heavy Plow
28:12 Elite Skirmisher
30:12 Fletching
30:23 Padded Archer Armor
31:19 Thumb Ring
31:20 Loom
32:39 Leather Archer Armor
33:50 Bodkin Arrow
40:06 Wheelbarrow
40:52 Gold Shaft Mining
40:11 Stone Mining
41:04 Ballistics
45:18 Imperial Age
43:54 Hand Cart
*
0:31 Loom
7:35 Feudal Age
9:58 Horse Collar
12:49 Castle Age
10:55 Double-Bit Axe
14:03 Wheelbarrow
14:35 Fletching
14:45 Padded Archer Armor
15:33 Bodkin Arrow
16:49 Leather Archer Armor
19:01 Chemistry
21:01 Wagenburg Tactics
22:32 Ballistics
25:40 Heavy Plow
27:24 Elite Skirmisher
32:37 Imperial Age
33:42 Conscription
33:30 Bracer
34:01 Ring Archer Armor
34:31 Hand Cart
33:54 Pikeman
34:35 Squires
35:24 Bow Saw
36:41 Fortified Wall
39:57 Scale Mail Armor
Connection lost

Rejoining the realm…

Still unreachable

The connection could not be restored.

Session expired

The server has moved on; the page needs a fresh start.